 Dungeon Crawl Stone Soup version 0.21.1-1-g345015fe64 (webtiles) character file.

39 KleinerIrrer the Conjurer (level 3, -4/25 HPs)
             Began as a Gnoll Wanderer on Mar 17, 2018.
             Slain by Sigmund
             ... wielding a cursed -2 scythe
              (8 damage)
             ... on level 2 of the Dungeon.
             The game lasted 00:04:49 (789 turns).

KleinerIrrer the Conjurer (Gnoll Wanderer)           Turns: 789, Time: 00:04:49

Health: -4/25      AC:  2    Str: 13 (14) XL:     3   Next: 45%
Magic:  5/9        EV: 11    Int: 13 (15) God:
Gold:   19         SH:  0    Dex: 11 (14) Spells: 9/12 levels left

rFire    . . .     SeeInvis .   j - +0 spear
rCold    . . .     Gourm    .   (no shield)
rNeg     . . .     Faith    .   d - +0 robe
rPois    .         Spirit   .   (no helmet)
rElec    .         Reflect  .   (no cloak)
rCorr    .         Harm     .   (no gloves)
MR       .....                  (no boots)
Stlth    ++........             (no amulet)
HPRegen  0.08/turn              (no ring)
MPRegen  0.11/turn              (no ring)

@: no status effects
A: distributed training, fangs 1, strong nose
a: no special abilities


You were on level 2 of the Dungeon.
You were not hungry.

You visited 1 branch of the dungeon, and saw 2 of its levels.

You collected 19 gold pieces.

Inventory:

Hand Weapons
 e - a +0 club
 j - a +0 spear (weapon)
Armour
 d - a +0 robe (worn)
Jewellery
 g - an uncursed ring of wizardry {unknown}
 o - a +3 ring of evasion {unknown}
Scrolls
 h - a scroll of noise {unknown}
 i - 2 scrolls of identify {unknown}
 m - a scroll of remove curse {unknown}
Books
 a - a book of Conjurations

   Spells                             Type                      Level
   a - Magic Dart                     Conjuration                  1
   b - Searing Ray                    Conjuration                  2
   c - Dazzling Spray                 Conjuration/Hexes            3
   d - Fulminant Prism                Conjuration/Hexes            4
   e - Force Lance                    Conjuration/Translocation    4
   f - Iskenderun's Mystic Blast      Conjuration                  4
 b - the Handbook of the Escort

   Spells                             Type                      Level
   a - Summon Butterflies             Summoning                    1
   b - Summon Guardian Golem          Hexes/Summoning              3
 c - the Handbook of the Volcanoes

   Spells                             Type                      Level
   a - Flame Tongue                   Conjuration/Fire             1
   b - Ignite Poison                  Fire/Transmutation/Poison    3
Comestibles
 f - 4 rations
 k - 2 chunks of flesh


   Skills:
 + Level 0.7 Fighting
 + Level 0.7 Short Blades
 + Level 0.7 Long Blades
 + Level 0.7 Axes
 + Level 0.7 Maces & Flails
 + Level 0.7 Polearms
 + Level 0.7 Staves
 + Level 0.7 Slings
 + Level 0.7 Bows
 + Level 0.7 Crossbows
 + Level 0.7 Throwing
 + Level 0.7 Armour
 + Level 0.7 Dodging
 + Level 2.3 Stealth
 + Level 2.6 Shields
 + Level 0.7 Unarmed Combat
 + Level 5.0 Spellcasting
 + Level 7.1 Conjurations
 + Level 2.1 Hexes
 + Level 0.5 Charms
 + Level 0.5 Summonings
 + Level 0.5 Necromancy
 + Level 0.5 Translocations
 + Level 0.5 Transmutations
 + Level 2.1 Fire Magic
 + Level 0.5 Ice Magic
 + Level 0.5 Air Magic
 + Level 0.5 Earth Magic
 + Level 0.5 Poison Magic
 + Level 0.9 Invocations
 + Level 0.7 Evocations


You had 9 spell levels left.
You knew the following spells:

 Your Spells              Type           Power        Failure   Level  Hunger
a - Flame Tongue          Conj/Fire      ###..        2%          1    None
b - Magic Dart            Conj           ###.         1%          1    None
c - Summon Butterflies    Summ           #.......     16%         1    None


Dungeon Overview and Level Annotations

Branches:
Dungeon (2/15)

Altars:

Annotations:
D:2 Sigmund


Innate Abilities, Weirdness & Mutations

Your experience applies equally to all skills.
You have very sharp teeth.
Your uncanny sense of smell can sniff out nearby items.


Message History

You closely miss something. Your bite misses something.
You hear some strange, mumbled words.
Something tries to affect you, but you resist.
You closely miss something. Something hits you! Something hits you.
* * * LOW HITPOINT WARNING * * *
You completely miss something. You miss something. Your bite misses something.
Something hits you but does no damage.
You miss something. Something hits you.
* * * LOW HITPOINT WARNING * * *
You're too confused to cast spells.
The bat hits you.
* * * LOW HITPOINT WARNING * * *
Something barely misses you. The bat hits you but does no damage.
You feel less confused. The bat hits you.
* * * LOW HITPOINT WARNING * * *
The bat hits you but does no damage. Something hits you!
You die...

..)###.# #.....#
#..##.#########.# #
#..##.#.....# #.#####
#.#.#.....#.#.....#.....#
#........#.# #..(......#
.##..##....#.# ###.......#
..... #....#.# ..........#
....(.#....#.####........#
#...#...{@........####
#####...b..#.......
#......#.###... #.>....+.
#...# #......# #..!...#
#......# #......# ########


You could see a bat.

Vanquished Creatures
  2 oozes (D:1)
  A worm (D:2)
  A dart slug (D:2)
  3 leopard geckos
  A bat (D:2)
  2 giant cockroaches
  3 goblins
  2 jackals (D:2)
  3 kobolds (D:1)
  A frilled lizard (D:1)
  2 rats (D:1)
21 creatures vanquished.

Notes
Turn   | Place    | Note
-------+----------+-------------------------------------------
     0 | D:1      | KleinerIrrer the Gnoll Wanderer began the quest for the Orb.
     0 | D:1      | KleinerIrrer set off with: a book of Conjurations, the Handbook of the Escort, the Handbook of the Volcanoes, a +0 robe, a +0 club, a ration
     0 | D:1      | Reached XP level 1. HP: 13/13 MP: 6/6
     0 | D:1      | Identified the Handbook of the Escort
     0 | D:1      | Identified the Handbook of the Volcanoes
     2 | D:1      | Learned a level 1 spell: Flame Tongue
     4 | D:1      | Learned a level 1 spell: Magic Dart
     6 | D:1      | Learned a level 1 spell: Summon Butterflies
   183 | D:1      | Reached XP level 2. HP: 19/19 MP: 5/7
   486 | D:2      | Reached XP level 3. HP: 22/25 MP: 3/9
   560 | D:2      | Reached skill level 5 in Spellcasting
   763 | D:2      | Noticed Sigmund
   789 | D:2      | Slain by Sigmund

Skill      XL: |  1  2  3 |
---------------+----------+-----
Hexes          | 2 |  2.1
Fire Magic     | 2 |  2.1
Spellcasting   | 5 |  5.0
Fighting       | |  0.7
Short Blades   | |  0.7
Long Blades    | |  0.7
Axes           | |  0.7
Maces & Flails | |  0.7
Polearms       | |  0.7
Staves         | |  0.7
Slings         | |  0.7
Bows           | |  0.7
Crossbows      | |  0.7
Throwing       | |  0.7
Armour         | |  0.7
Dodging        | |  0.7
Stealth        | |  2.3
Shields        | |  2.6
Unarmed Combat | |  0.7
Conjurations   | |  7.1
Charms         | |  0.5
Summonings     | |  0.5
Necromancy     | |  0.5
Translocations | |  0.5
Transmutations | |  0.5
Ice Magic      | |  0.5
Air Magic      | |  0.5
Earth Magic    | |  0.5
Poison Magic   | |  0.5
Invocations    | |  0.9
Evocations     | |  0.7

Action                   || total
-------------------------++-------
Melee: Spear             ||     6
 Cast: Magic Dart        ||    40
       Flame Tongue      ||     9
  Use: Potion            ||     2
Armor: Robe              ||     2
Dodge: Dodged            ||     4
